 Dungeon Crawl Stone Soup version 0.27-a0-1612-gde56a17b89 (webtiles) character file.

Game seed: 3874818986772210171

823 dolemite99 the Chopper (level 7, -1/41 HPs)
             Began as a Gargoyle Monk on July 22, 2021.
             Was a High Priest of Cheibriados.
             Slain by a killer bee (6 damage)
             ... on level 8 of the Dungeon.
             The game lasted 00:06:54 (6392 turns).

dolemite99 the Chopper (Gargoyle Monk)              Turns: 6392, Time: 00:06:55

Health: -1/41      AC: 16    Str: 27    XL:     7   Next: 96%
Magic:  19/19      EV:  9    Int: 22    God:    Cheibriados [*****.]
Gold:   137        SH:  7    Dex: 23    Spells: 6/6 levels left

rFire    . . .     SeeInvis .   a - +2 hand axe
rCold    . . .     Faith    .   n - +3 buckler
rNeg     + . .     Spirit   .   h - +1 chain mail
rPois    ∞         Reflect  .   (no helmet)
rElec    +         Harm     .   (no cloak)
rCorr    .         Rampage  .   (no gloves)
Will     .....                  t - +2 pair of boots
Stlth    ..........             m - amulet of magic regeneration
HPRegen  0.13/turn              i - ring of magical power
MPRegen  0.41/turn              (no ring)

@: very slow
A: sickness immunity, AC +4, negative energy resistance 1, electricity
resistance, torment resistance 1, petrification resistance
a: Renounce Religion, Bend Time, Temporal Distortion, Slouch, Step From Time


You were on level 8 of the Dungeon.
You worshipped Cheibriados.
Cheibriados was extremely pleased with you.
You visited 1 branch of the dungeon, and saw 6 of its levels.

You collected 225 gold pieces.
You spent 88 gold pieces at shops.

Inventory:

Hand Weapons
 a - a +2 hand axe (weapon)
Missiles
 b - 34 sling bullets
 c - 138 stones (quivered)
Armour
 h - a +1 chain mail (worn)
 n - a +3 buckler (worn)
 t - a +2 pair of boots (worn)
Jewellery
 e - a ring of wizardry
 i - a ring of magical power (left hand)
 k - a ring of positive energy
 m - an amulet of magic regeneration (around neck)
 u - a ring of flight
Scrolls
 d - 2 scrolls of identify {unknown}
 f - a scroll of amnesia {unknown}
 g - a scroll of holy word {unknown}
 l - a scroll of immolation {unknown}
 q - a scroll of teleportation {unknown}
 r - 2 scrolls of noise {unknown}
 v - a scroll of vulnerability {unknown}
Potions
 p - a potion of curing
 s - a potion of ambrosia {unknown}


   Skills:
 - Level 3.2 Fighting
 - Level 7.1 Axes
 - Level 2.4 Dodging
 - Level 2.1 Stealth
 + Level 4.9 Invocations


You had 6 spell levels left.
You didn't know any spells.
Your spell library contained the following spells:

 Spells                   Type           Power      Damage    Failure   Level
 Foxfire                  Conj/Fire      0%         2x1d4     89%         1
 Conjure Flame            Conj/Fire      0%         6-21      99%         3
 Fire Storm               Conj/Fire      0%         5d1       100%        9


Dungeon Overview and Level Annotations

Branches:
Dungeon (5/15)             Temple (0/1) D:5

Altars:
Ashenzari
Cheibriados
Okawaru
Qazlal
Vehumet
Xom
Zin
Beogh

Shops:
D:1 (   D:3 !


Innate Abilities, Weirdness & Mutations

You are immune to sickness and miasma.
Your stone body is resilient. (AC +4)
You are immune to poison.
You resist negative energy. (rN+)
You are resistant to electric shocks. (rElec)
You are resistant to unholy torment.
You are immune to petrification.


Message History

The killer bee stings you but does no damage.
The killer bee barely misses you.
The killer bee stings you but does no damage. x2
The killer bee stings you but does no damage.
The killer bee barely misses you.
The killer bee stings you but does no damage. x2
You barely miss the killer bee.
The killer bee is lightly wounded.
You closely miss the killer bee.
The killer bee stings you but does no damage.
The killer bee closely misses you.
The killer bee stings you but does no damage.
You block the killer bee's attack.
You hit the killer bee.
The killer bee is severely wounded.
You barely miss the killer bee.
The killer bee stings you but does no damage. x3
You block the killer bee's attack.
The killer bee stings you but does no damage.
You closely miss the killer bee.
The killer bee is severely wounded.
You barely miss the killer bee. The killer bee stings you.
* * * LOW HITPOINT WARNING * * *
The killer bee stings you but does no damage. x2
You barely miss the killer bee.
The killer bee is lightly wounded.
You hit the killer bee. You block the killer bee's attack.
The killer bee barely misses you. x2; You block the killer bee's attack.
The killer bee stings you but does no damage.
You slash the killer bee!
The killer bee is heavily wounded.
You miss the killer bee. You block the killer bee's attack.
The killer bee barely misses you. x2
The killer bee stings you but does no damage.
You closely miss the killer bee.
The killer bee is heavily wounded.
You hit the killer bee. The killer bee barely misses you.
The killer bee stings you but does no damage.
You block the killer bee's attack. The killer bee stings you.
You die...

.....####....##
.....#......#
..........
#...... ####...#
..#......#
.........### .
........yy.##...#
..######†@......#
# #........#
#.........
.......>..
#..........
...........
#..?........
...#####....


You could see 2 killer bees.

Vanquished Creatures
  A necrophage (D:3)
  An ogre (D:4)
  A water moccasin skeleton (D:5)
  2 killer bees (D:8)
  2 orc priests (D:4)
  A centaur zombie (D:8)
  2 hounds (D:4)
  Jessica (D:3)
  Natasha (thrice) (D:4)
  An iguana (D:4)
  A hound skeleton (D:4)
  10 adders
  An ufetubus (D:5)
  3 worms
  A dart slug (D:3)
  21 orcs
  9 bats
  5 endoplasms
  5 giant cockroaches
  12 goblins
  5 hobgoblins
  10 jackals
  2 quokkas
  4 ball pythons
  3 frilled lizards
  7 kobolds
  6 rats
120 creatures vanquished.

Notes
Turn   | Place    | Note
-------+----------+-------------------------------------------
     0 | D:1      | dolemite99 the Gargoyle Monk began the quest for the Orb.
     0 | D:1      | Reached XP level 1. HP: 14/14 MP: 1/1
    38 | D:1      | Reached skill level 3 in Axes
    42 | D:1      | Reached XP level 2. HP: 6/19 MP: 2/2
   392 | D:1      | Found Zecud's Weapon Shop.
  1136 | D:1      | Reached XP level 3. HP: 10/23 MP: 3/3
  1853 | D:2      | Reached skill level 4 in Axes
  2178 | D:2      | Reached XP level 4. HP: 24/28 MP: 4/4
  2283 | D:2      | Found a glowing silver altar of Zin.
  2592 | D:2      | Found a faded altar of an unknown god.
  2596 | D:2      | Became a worshipper of Cheibriados the Contemplative
  2596 | D:2      | Reached * piety under Cheibriados
  2596 | D:2      | Reached ** piety under Cheibriados
  2926 | D:2      | Reached *** piety under Cheibriados
  3031 | D:3      | Found Cawkepat's Distillery.
  3036 | D:3      | Bought a potion of heal wounds for 55 gold pieces
  3036 | D:3      | Bought a potion of curing for 33 gold pieces
  3091 | D:3      | Found a broken altar of Ashenzari.
  3135 | D:3      | Reached skill level 5 in Axes
  3263 | D:3      | Reached XP level 5. HP: 32/32 MP: 1/5
  3360 | D:3      | Noticed Jessica
  3363 | D:3      | Killed Jessica
  3473 | D:3      | Found a shimmering altar of Xom.
  3473 | D:3      | Found a shimmering altar of Xom.
  3473 | D:3      | Found a shimmering altar of Xom.
  3585 | D:3      | Found a radiant altar of Vehumet.
  4009 | D:3      | Found a stormy altar of Qazlal.
  4264 | D:4      | Noticed Natasha
  4273 | D:4      | Killed Natasha
  4967 | D:4      | Reached skill level 6 in Axes
  4967 | D:4      | Reached XP level 6. HP: 37/37 MP: 6/6
  4994 | D:4      | Reached **** piety under Cheibriados
  5075 | D:4      | Noticed a necrophage
  5162 | D:4      | Noticed Natasha
  5174 | D:4      | Killed Natasha
  5229 | D:4      | Found an iron altar of Okawaru.
  5260 | D:3      | Killed a necrophage
  5261 | D:3      | Reached skill level 7 in Axes
  5261 | D:3      | Reached XP level 7. HP: 29/41 MP: 7/7
  5465 | D:4      | Noticed Natasha
  5478 | D:4      | Killed Natasha
  5602 | D:4      | Reached skill level 1 in Invocations
  5874 | D:4      | Got the Catalogue of Attacks
  5991 | D:4      | Reached ***** piety under Cheibriados
  6279 | D:5      | Entered Level 5 of the Dungeon
  6279 | D:5      | Found a staircase to the Ecumenical Temple.
  6369 | D:5      | You fall into a shaft and drop 3 floors!
  6392 | D:8      | Slain by a killer bee

Illustrated notes

Levels and vault maps discovered:
D:1:      lemuel_arrival_funnel, layout_basic, serial_shops,
          nicolae_diamond_shop
D:2:      minmay_spotlight, layout_basic, basic_altar,
          hellmonk_ecumenical_altar_defaced_shrine, hangedman_decor_points
D:3:      layout_basic, general_overflow_altar, nicolae_ashenzari_panopticon,
          xom_redecorated, nicolae_vehumet_altar_sigil, serial_shops,
          nicolae_diamond_shop, minmay_bisected, uniq_jessica
D:4:      layout_basic, mainiacjoe_overflow_concentric_impassable, uniq_natasha
D:5:      layout_basic, nicolae_overflow_crystal_walls, temple_pool_b,
          gammafunk_ghost_arena
D:8:      layout_layer_cave, kennysheep_mini, mainiacjoe_overflow_chevrons,
          erik_lair_island, gammafunk_ghost_ooze, uniq_maurice

Skill      XL: |  1  2  3  4  5  6  7 |
---------------+----------------------+-----
Axes           | 3 4 5 6 7 |  7.1
Invocations    | 4 |  4.9
Fighting       | |  3.2
Dodging        | |  2.4
Stealth        | |  2.1

Action                   |  1- 3 |  4- 6 |  7- 9 || total
-------------------------+-------+-------+-------++-------
Melee: Hand axe          |   149 |   227 |   140 ||   516
Throw: Stone             |    43 |    27 |       ||    70
Invok: Bend Time         |       |     1 |       ||     1
  Use: Potion            |       |     1 |     1 ||     2
       Scroll            |       |     4 |     3 ||     7
Armor: Robe              |    31 |       |       ||    31
       Chain mail        |    88 |   152 |   118 ||   358
Dodge: Dodged            |    85 |    75 |    79 ||   239
Block: Buckler           |       |    74 |    71 ||   145

Table legend: (Time is in decaauts)
 A = Elapsed time spent in this place.
 B = Non-inter-level travel time spent in this place.
 C = Inter-level travel time spent in this place.
 D = Time resting spent in this place.
 E = Time spent auto-exploring this place.
 F = Levels seen in this place.
 G = Mean time per level.
                   A        B        C        D        E       F      G
               +--------+--------+--------+--------+--------+-----+--------+
         Total |   7887 |   7740 |    147 |   1181 |   5098 |   6 | 1314.5 |
       Dungeon |   7887 |   7740 |    147 |   1181 |   5098 |   6 | 1314.5 |
               +--------+--------+--------+--------+--------+-----+--------+

Top non-repeatable levels by time:
     D:4: 2425 daAuts
     D:3: 2110 daAuts
     D:1: 1626 daAuts
     D:2: 1548 daAuts
     D:5: 149 daAuts
     D:8: 27 daAuts
